 Dungeon Crawl Stone Soup version 0.28-a0-1616-g050a50673c (webtiles) character file.

Game seed: 5910048813644375547

704 soggyman666 the Magician (level 7, -6/45 HPs)
             Began as a Djinni Fire Elementalist on Jan 23, 2022.
             Was a Follower of Nemelex Xobeh.
             Mangled by Sigmund (10 damage)
             ... on level 5 of the Dungeon.
             The game lasted 00:16:43 (6561 turns).

soggyman666 the Magician (Djinni Fire Elementalist) Turns: 6561, Time: 00:16:43

Health: -6/45      AC:  3    Str: 13    XL:     7   Next: 99%
Gold:   250        EV: 13    Int: 19    God:    Nemelex Xobeh [*.....] SH:  0 Dex: 13

rFire   + + .      SeeInvis .   (no weapon)
rCold   x . .      Faith    .   (no shield)
rNeg    . . .      Spirit   .   a - +0 robe
rPois   ∞          Reflect  .   (no helmet)
rElec   .          Harm     .   m - +0 cloak
rCorr   .          Rampage  .   (no gloves)
Will    .....                   (boots unavailable)
Stlth   +.........              (no amulet)
HPRegen 0.15/turn               k - +6 ring of strength
MPRegen 0.00/turn               (no ring)

@: confused, flying
A: sickness immunity, fire resistance 2, cold vulnerability 1, float, innate
caster, hp casting, extra vitality 1
a: Renounce Religion, Draw Escape, Draw Destruction, Draw Summoning


You were on level 5 of the Dungeon.
You worshipped Nemelex Xobeh.
Nemelex Xobeh was aware of your devotion.
You visited 1 branch of the dungeon, and saw 5 of its levels.

You collected 250 gold pieces.

Inventory:

Armour
 a - a +0 robe (worn)
 m - a +0 cloak (worn)
Jewellery
 k - a +6 ring of strength (left hand)
Wands
 l - a wand of digging (8)
Scrolls
 c - a scroll of teleportation
 f - 2 scrolls of silence
 h - 2 scrolls of magic mapping
 j - a scroll of identify
Potions
 b - a potion of brilliance
 d - a potion of resistance
 g - a potion of curing


   Skills:
 * Level 3.1 Dodging
 + Level 2.2 Stealth
 + Level 6.0 Spellcasting
 * Level 2.5 Invocations


You couldn't memorise any spells.
You knew the following spells:

 Your Spells              Type           Power      Damage    Failure   Level
a - Foxfire               Conj/Fire      100%       2x1d9     1%          1
b - Scorch                Fire           56%        2d7       1%          2
c - Conjure Flame         Conj/Fire      28%        6-21      2%          3
d - Inner Flame           Hex/Fire       28%        N/A       2%          3
e - Flame Wave            Conj/Fire      28%        2d8       10%         4
f - Pain                  Necr           100%       1d9       1%          1
g - Passwall              Tmut/Erth      23%        N/A       1%          2
h - Lesser Beckoning      Tloc           28%        N/A       2%          3
Your spell library was empty.

Dungeon Overview and Level Annotations

Branches:
Dungeon (5/15)
 Temple: D:4-7

Altars:
Cheibriados
Elyvilon
Kikubaaqudgha
Nemelex Xobeh
Sif Muna
Trog

Shops:
D:5 :

Annotations:
D:5 Sigmund


Innate Abilities, Weirdness & Mutations

You are immune to sickness and miasma.
You are immune to poison.
Your flesh is very heat resistant. (rF++)
You are vulnerable to cold. (rC-)
You float through the air rather than walking.
You learn spells naturally, not from books.
Your magical power is your life essence.
You have superior vitality. (+4 MHP)


Message History

a +0 giant spiked club; an ogre corpse; a hound corpse
Casting: Conjure Flame (dangerous; 2% risk of failure)
Confirm with . or Enter, or press ? or * to list all spells.
The fire begins to smoulder!
The centaur shoots an arrow.
The arrow hits you.
A puff of flame appears from out of thin air!
The puff of flame misses you.
The fire ignites!
Found a cloak.
Casting: Conjure Flame (dangerous; 2% risk of failure)
Confirm with . or Enter, or press ? or * to list all spells.
You can't see any susceptible monsters within range! (Use Z to cast anyway.)
Okay, then.
You conjure some foxfire!
The foxfire hits something but does no damage.
The foxfire hits something.
A puff of flame appears from out of thin air!
The puff of flame hits you. You resist.
Casting: Foxfire (safe; 1% risk of failure)
Confirm with . or Enter, or press ? or * to list all spells.
You can't see any susceptible monsters within range! (Use Z to cast anyway.)
Casting: Foxfire (safe; 1% risk of failure)
Confirm with . or Enter, or press ? or * to list all spells.
Okay, then.
Casting: Foxfire (safe; 1% risk of failure)
Confirm with . or Enter, or press ? or * to list all spells.
Flames lash something.
Casting: Scorch (safe; 1% risk of failure)
Confirm with . or Enter, or press ? or * to list all spells.
Flames lash the centaur.
The centaur is moderately wounded.
The centaur's fire resistance burns away.
The centaur shoots an arrow.
You hear some strange, mumbled words.
You are confused.
The centaur shoots an arrow.
The arrow hits you!
* * * LOW HITPOINT WARNING * * *
You're too confused to cast spells.
Something hits you!
You die...
Your body glows slightly and disappears.

.. ## #.#.# #.#?.. . .... ......
#.# #.#.#.#..# ### .... ........#
# #.. .#$#.#.#.#.#.# #####.#.##.#
....)$c.....$## #.....#.##.#
#.#.#.#.#.#.#(###...###.##.#
.............# #@..[....##.#
.#.#.#.#.#.#.# #.#####..##.#
............###{# #..##.##
#.#.#.#.#.#.c).c.# #..#...# #
...........#####.# #.##...#####
.#.#.#.#.#.#####.#####.......(...
.............................###
#.#.#.#...#######.##........# #
.....##.# #.##.##...###


You could see a centaur (combustible).

Vanquished Creatures
  2 ogres (D:5)
  A phantom (D:4)
  Blork the orc (D:4)
  A water moccasin skeleton (D:4)
  A jelly (D:4)
  2 hounds
  A bullfrog skeleton (D:4)
  Ijyb (D:5)
  2 orc wizards (D:4)
  2 howler monkey skeletons
  5 adders
  An ufetubus (D:4)
  2 worms
  10 orcs
  4 endoplasms
  7 giant cockroaches
  3 goblins
  6 hobgoblins
  4 quokkas
  8 ball pythons
  6 bats
  3 frilled lizards
  7 kobolds
  8 rats
88 creatures vanquished.

Vanquished Creatures (others)
  356 foxfires
356 creatures vanquished.

Grand Total: 444 creatures vanquished

Notes
Turn   | Place    | Note
-------+----------+-------------------------------------------
     0 | D:1      | soggyman666 the Djinni Fire Elementalist began the quest
                  | for the Orb.
     0 | D:1      | Reached XP level 1. HP: 15/15 MP: 0/0
   687 | D:1      | Reached XP level 2. HP: 14/21 MP: 0/0
  1437 | D:1      | Reached XP level 3. HP: 22/25 MP: 0/0
  1437 | D:1      | Learned a level 1 spell: Pain
  2040 | D:2      | Reached skill level 3 in Spellcasting
  2706 | D:2      | Reached XP level 4. HP: 23/31 MP: 0/0
  3263 | D:3      | Found a snail-covered altar of Cheibriados.
  3342 | D:3      | Found a white marble altar of Elyvilon.
  3342 | D:3      | Found a bloodstained altar of Trog.
  3400 | D:3      | Found a sparkling altar of Nemelex Xobeh.
  3410 | D:3      | Became a worshipper of Nemelex Xobeh the Trickster
  3954 | D:3      | Reached XP level 5. HP: 28/35 MP: 0/0
  3954 | D:3      | Learned a level 2 spell: Passwall
  4423 | D:4      | Noticed Blork the orc
  4462 | D:4      | Reached skill level 4 in Spellcasting
  4666 | D:4      | Reached skill level 1 in Invocations
  4780 | D:4      | Reached XP level 6. HP: 24/40 MP: 0/0
  5468 | D:4      | Killed Blork the orc
  5469 | D:4      | Reached skill level 5 in Spellcasting
  5682 | D:4      | Reached XP level 7. HP: 40/45 MP: 0/0
  5682 | D:4      | Learned a level 3 spell: Lesser Beckoning
  5720 | D:4      | Reached * piety under Nemelex Xobeh
  6155 | D:5      | Entered Level 5 of the Dungeon
  6155 | D:5      | Noticed Ijyb
  6155 | D:5      | Found Guaf's Book Boutique.
  6162 | D:5      | Killed Ijyb
  6429 | D:5      | Received a gift from Nemelex Xobeh
  6539 | D:5      | Noticed Sigmund
  6542 | D:5      | Reached skill level 6 in Spellcasting
  6561 | D:5      | Mangled by Sigmund

Illustrated notes

Levels and vault maps discovered:
D:1:      psy_arrival_fountain, layout_basic, minmay_pentomino_o4
D:2:      layout_loops_ring, st_stairs_5
D:3:      layout_basic, mainiacjoe_overflow_alcove_3,
          mainiacjoe_overflow_divided_tiny
D:4:      layout_loops_ring, columned_hall_lemuel, kennysheep_generic_room_9,
          uniq_blork_the_orc
D:5:      layout_loops_ring, mainiacjoe_overflow_chevrons, hex_large,
          nicolae_stop_n_shop_1, uniq_sigmund, uniq_ijyb

Skill      XL: |  1  2  3  4  5  6  7 |
---------------+----------------------+-----
Stealth        | 2 |  2.2
Spellcasting   | 3 4 5 6 |  6.0
Invocations    | 1 2 |  2.5
Dodging        | 3 |  3.1

Action                   |  1- 3 |  4- 6 |  7- 9 || total
-------------------------+-------+-------+-------++-------
 Cast: Foxfire           |   111 |   110 |    13 ||   234
       Scorch            |     8 |    25 |    13 ||    46
       Conjure Flame     |       |     4 |     3 ||     7
       Passwall          |       |     1 |       ||     1
  Use: Scroll            |     4 |     4 |       ||     8
Armor: Robe              |       |     1 |       ||     1
Dodge: Dodged            |     2 |     8 |     9 ||    19

Table legend: (Time is in decaauts)
 A = Elapsed time spent in this place.
 B = Non-inter-level travel time spent in this place.
 C = Inter-level travel time spent in this place.
 D = Time resting spent in this place.
 E = Time spent auto-exploring this place.
 F = Levels seen in this place.
 G = Mean time per level.
                   A        B        C        D        E       F      G
               +--------+--------+--------+--------+--------+-----+--------+
         Total |   6559 |   6489 |     70 |    649 |   5124 |   5 | 1311.8 |
       Dungeon |   6559 |   6489 |     70 |    649 |   5124 |   5 | 1311.8 |
               +--------+--------+--------+--------+--------+-----+--------+

Top non-repeatable levels by time:
     D:1: 2036 daAuts
     D:4: 1740 daAuts
     D:2: 1220 daAuts
     D:3: 1156 daAuts
     D:5: 405 daAuts
